[Event "Titled Tuesday Blitz August 10 2021"]
[White "Costachi, Mihnea"]
[Black "Gupta, Abhijeet"]
[WhiteFideId "1217518"]
[BlackFideId "5010608"]
[WhiteElo "2482"]
[BlackElo "2549"]
[Result "1/2-1/2"]
[Round "11"]
[TimeControl "180+1"]
[Date "2021.08.10"]
[WhiteClock "0:00:10"]
[BlackClock "0:00:17"]

1. d4 d5 2. c4 Nc6 3. Nf3 Bg4 4. Nc3 e6 5. cxd5 exd5 6. Bf4 Bd6 7. Bxd6 Qxd6 8. e3 Nf6 9. Be2 O-O 10. h3 Bxf3 11. Bxf3 Ne7 12. O-O c6 13. Rb1 a5 14. Na4 Nd7 15. Qc2 b5 16. Nc3 a4 17. Ne2 a3 18. b3 Rac8 19. Nf4 g6 20. Bg4 f5 21. Be2 Rc7 22. Rfc1 Kg7 23. Bxb5 Rfc8 24. Ba6 Ra8 25. Be2 Kf7 26. Nd3 Ng8 27. Nc5 Nxc5 28. Qxc5 Qxc5 29. Rxc5 Ke7 30. b4 Kd6 31. Rbc1 Raa7 32. b5 cxb5 33. Bxb5 Rxc5 34. Rxc5 Rc7 35. Rxc7 Kxc7 36. Kf1 Kb6 37. Ba4 Nf6 38. Ke2 Ne4 39. Bb3 Ka5 40. f3 Nf6 41. Kd3 Kb4 42. g3 g5 43. g4 fxg4 44. hxg4 h6 45. Kd2 Kb5 46. Kc3 Ka5 47. Bc2 h5 48. gxh5 Nxh5 49. Bg6 Nf6 50. Bf7 g4 51. fxg4 Nxg4 52. Bxd5 Nxe3 53. Be6 Kb5 54. Kb3 Kc6 55. Bg8 Kd6 56. Kxa3 Nc2+ 57. Kb3 Nxd4+ 58. Kc4 Nc6 59. Kb5 Kc7 60. a4 Nd4+ 61. Kc5 Nc6 62. Bd5 Na5 63. Kb5 Nb7 64. Be4 Nd6+ 65. Kc5 Nxe4+ 66. Kd4 Nd6 67. a5 Nb5+ 68. Ke3 Na7 69. Kf2 Kd6 70. a6 Kd5 71. Ke3 Kc5 72. Kf4 Kb6 73. Ke5 1/2-1/2


[Site "https://www.chess.com"]

[Event "Titled Tuesday Blitz August 10 2021"]
[White "Fayzullaev, Akmal"]
[Black "Bologan, Victor"]
[WhiteFideId "14200554"]
[BlackFideId "13900048"]
[WhiteElo "2264"]
[BlackElo "2511"]
[Result "0-1"]
[Round "11"]
[TimeControl "180+1"]
[Date "2021.08.10"]
[WhiteClock "0:02:09"]
[BlackClock "0:01:51"]

1. d4 d5 2. c4 c6 3. Nc3 Nf6 4. cxd5 cxd5 5. Bf4 a6 6. e3 Nc6 7. Bd3 Bg4 8. Nge2 e6 9. O-O Bd6 10. f3 Bh5 11. Rc1 O-O 12. Na4 Bg6 13. Nc5 Bxf4 14. Nxf4 Qb6 15. Qd2 e5 16. Nxg6 hxg6 17. dxe5 Nxe5 18. Be2 Rac8 19. b4 Rfe8 20. a3 a5 21. bxa5 Qa7 22. Qb4 Nc4 23. Bxc4 Rxc5 0-1


[Site "https://www.chess.com"]

[Event "Titled Tuesday Blitz August 10 2021"]
[White "Giroyan, Gary"]
[Black "Leitao, Rafael"]
[WhiteFideId "680281"]
[BlackFideId "2101246"]
[WhiteElo "2420"]
[BlackElo "2609"]
[Result "1-0"]
[Round "11"]
[TimeControl "180+1"]
[Date "2021.08.10"]
[WhiteClock "0:00:20"]
[BlackClock "0:00:15"]

1. d4 Nf6 2. c4 e6 3. Nc3 Bb4 4. Nf3 O-O 5. e3 b6 6. Bd2 Bb7 7. Bd3 d6 8. Qc2 c5 9. a3 Bxc3 10. Bxc3 Nbd7 11. Nd2 cxd4 12. exd4 d5 13. O-O dxc4 14. Nxc4 Qc7 15. Bb4 Rfc8 16. Qe2 Qc6 17. f3 Qd5 18. Nd6 Rd8 19. Rad1 Bc6 20. Bc4 Qh5 21. Nxf7 Re8 22. Nd6 Nd5 23. Nxe8 Rxe8 24. Bd6 N7f6 25. Rfe1 Qg6 26. Bd3 Qf7 27. Rc1 Bb7 28. Bb5 Nd7 29. Bg3 h6 30. Bc6 Bxc6 31. Rxc6 Nf8 32. Rd6 Ng6 33. Rxd5 1-0


[Site "https://www.chess.com"]

[Event "Titled Tuesday Blitz August 10 2021"]
[White "Grischuk, Alexander"]
[Black "Indjic, Aleksandar"]
[WhiteFideId "4126025"]
[BlackFideId "911925"]
[WhiteElo "2777"]
[BlackElo "2643"]
[Result "1/2-1/2"]
[Round "11"]
[TimeControl "180+1"]
[Date "2021.08.10"]
[WhiteClock "0:00:04"]
[BlackClock "0:00:15"]

1. e4 c5 2. Nc3 a6 3. Nge2 d6 4. g3 Nc6 5. Bg2 g6 6. d4 cxd4 7. Nxd4 Bg7 8. Be3 Bd7 9. Nd5 Rc8 10. Nxc6 Bxc6 11. Bb6 Qd7 12. c3 Nf6 13. O-O O-O 14. Re1 e6 15. Nxf6+ Bxf6 16. a4 Bd8 17. Bxd8 Rfxd8 18. a5 d5 19. exd5 Bxd5 20. Qe2 Bxg2 21. Kxg2 Qc6+ 22. Kg1 Rd5 23. h4 h5 24. Red1 Rcd8 25. Rxd5 Rxd5 26. c4 Rd4 27. b3 Qd6 28. Qf3 Qd7 29. Re1 Rd3 30. Re3 Rd1+ 31. Kg2 Kg7 32. Qe4 Kg8 33. Qf3 Rd2 34. Re2 Rd4 35. Re3 Kg7 36. Re2 Qc7 37. Qc3 e5 38. Qf3 f6 39. Re4 Rd6 40. Re3 Qd7 41. Qe4 Rd2 42. Qf3 Qc6 43. Qxc6 bxc6 44. b4 Rb2 45. Rd3 Rxb4 46. Rd7+ Kh6 47. Ra7 Rxc4 48. Rxa6 g5 49. hxg5+ Kxg5 50. Ra8 h4 51. a6 h3+ 52. Kxh3 Kf5 53. a7 Ra4 54. f3 Ra1 55. Kg2 Ra2+ 56. Kh3 Ra1 57. Kg2 c5 58. g4+ Kf4 59. g5 Ra2+ 60. Kh3 Kxf3 61. gxf6 Ra6 62. Kh4 Kf4 63. Kh5 Rxf6 64. Rc8 Ra6 65. a8=Q Rxa8 66. Rxa8 e4 67. Rc8 e3 68. Rxc5 e2 69. Rc1 Ke3 70. Re1 Kd2 71. Rxe2+ Kxe2 1/2-1/2


[Site "https://www.chess.com"]

[Event "Titled Tuesday Blitz August 10 2021"]
[White "Gusarov, Grigory"]
[Black "Jobava, Baadur"]
[WhiteFideId "24102172"]
[BlackFideId "13601520"]
[WhiteElo "2247"]
[BlackElo "2748"]
[Result "1/2-1/2"]
[Round "11"]
[TimeControl "180+1"]
[Date "2021.08.10"]
[WhiteClock "0:02:15"]
[BlackClock "0:01:49"]

1. e4 e5 2. Nf3 Nc6 3. d4 exd4 4. Nxd4 Nf6 5. Nxc6 bxc6 6. Nc3 Bb4 7. Bd3 d5 8. exd5 O-O 9. O-O Bg4 10. f3 Bh5 11. dxc6 Qd4+ 12. Kh1 Bxc3 13. bxc3 Qxc3 14. Bg5 Bg6 15. Bxg6 hxg6 16. Bxf6 1/2-1/2


[Site "https://www.chess.com"]

[Event "Titled Tuesday Blitz August 10 2021"]
[White "Ibarra Jerez, Jose Carlos"]
[Black "Demidov, Mikhail"]
[WhiteFideId "2226332"]
[BlackFideId "4197143"]
[WhiteElo "2602"]
[BlackElo "2559"]
[Result "1/2-1/2"]
[Round "11"]
[TimeControl "180+1"]
[Date "2021.08.10"]
[WhiteClock "0:00:02"]
[BlackClock "0:00:11"]

1. d4 d5 2. Bf4 c5 3. e3 Nc6 4. c3 Nf6 5. Nd2 Qb6 6. Qb3 c4 7. Qc2 Nh5 8. Bg5 h6 9. Bh4 g5 10. Bg3 Nxg3 11. hxg3 e5 12. dxe5 Bg7 13. Ngf3 g4 14. Nd4 Nxe5 15. Be2 Bd7 16. e4 dxe4 17. Nxc4 Nxc4 18. Bxc4 f5 19. O-O-O O-O-O 20. Qb3 Qxb3 21. axb3 Rde8 22. Rh5 Rhf8 23. Bb5 Bxd4 24. Bxd7+ Kxd7 25. Rxd4+ Kc8 26. Kd2 f4 27. gxf4 Rxf4 28. Ke3 Ref8 29. Rd2 g3 30. fxg3 Rg4 31. Rh3 Rfg8 32. Re2 Rxg3+ 33. Rxg3 Rxg3+ 34. Kxe4 Kd7 35. Kf4 Rg6 36. g4 a5 37. Re5 b6 38. Rf5 Rd6 39. Rb5 Kc7 40. b4 a4 41. Rh5 Rd2 42. Rxh6 Rxb2 43. Rh7+ Kc6 44. Ra7 b5 45. g5 Rf2+ 46. Ke5 Rg2 47. Kf6 Rf2+ 48. Ke6 Rg2 49. Kf6 Rf2+ 50. Ke7 Rg2 51. Kf6 1/2-1/2


[Site "https://www.chess.com"]

[Event "Titled Tuesday Blitz August 10 2021"]
[White "Ibrahimli, Murad"]
[Black "Yoo, Christopher Woojin"]
[WhiteFideId "13410229"]
[BlackFideId "30909694"]
[WhiteElo "2109"]
[BlackElo "2105"]
[Result "0-1"]
[Round "11"]
[TimeControl "180+1"]
[Date "2021.08.10"]
[WhiteClock "0:00:02"]
[BlackClock "0:00:03"]

1. d4 Nf6 2. c4 e6 3. Nf3 d5 4. Nc3 c6 5. e3 a6 6. Qc2 Nbd7 7. Bd3 dxc4 8. Bxc4 b5 9. Bd3 c5 10. O-O Bb7 11. Ng5 cxd4 12. exd4 Be7 13. a3 Nd5 14. Nge4 Rc8 15. Qe2 N7f6 16. Nxf6+ Bxf6 17. Ne4 Bxd4 18. Rd1 Qb6 19. a4 O-O 20. axb5 axb5 21. Ng5 Nf6 22. Nf3 Bxf3 23. Qxf3 Rfd8 24. Bg5 h6 25. Bh4 Rd5 26. Rac1 Rcd8 27. b3 Be5 28. h3 Qd6 29. Be2 g5 30. Bg3 Bxg3 31. fxg3 Qe5 32. Kf1 Ne4 33. Rxd5 Rxd5 34. Rc8+ Kg7 35. Qg4 Qf6+ 36. Bf3 Nd2+ 37. Ke2 Nxf3 38. Qxf3 Qb2+ 39. Kf1 Qb1+ 40. Kf2 Rd2+ 41. Ke3 Qd3# 0-1


[Site "https://www.chess.com"]

[Event "Titled Tuesday Blitz August 10 2021"]
[White "Ivanchuk, Vasyl"]
[Black "Nazaretyan, Tigran"]
[WhiteFideId "14100010"]
[BlackFideId "24162345"]
[WhiteElo "2710"]
[BlackElo "2167"]
[Result "1-0"]
[Round "11"]
[TimeControl "180+1"]
[Date "2021.08.10"]
[WhiteClock "0:00:08"]
[BlackClock "0:00:08"]

1. e4 c5 2. Nf3 Nc6 3. d4 cxd4 4. Nxd4 Nf6 5. Nc3 d6 6. Bg5 e6 7. Qd2 a6 8. O-O-O Bd7 9. f4 h6 10. Bh4 g5 11. fxg5 Ng4 12. Be2 Nge5 13. Nf3 Be7 14. Rdg1 Rg8 15. Kb1 hxg5 16. Bg3 Qa5 17. Rd1 O-O-O 18. Rhf1 f6 19. Nxe5 dxe5 20. Bc4 Kb8 21. Bb3 Ka8 22. Ne2 Qb6 23. Bf2 Qc7 24. Qe3 Rh8 25. h3 Kb8 26. Rd2 Bc8 27. Rfd1 Rxd2 28. Rxd2 Rd8 29. Rxd8 Qxd8 30. c3 Qd6 31. Kc2 Na5 32. Nc1 Bd7 33. Nd3 Bb5 34. Qa7+ Kc7 35. Nc5 Bd7 36. Nxd7 Kxd7 37. Ba4+ Kc7 38. Qe3 b5 39. Qa7+ Nb7 40. Bb3 Qc6 41. Kd3 Bc5 42. Bxc5 Qxc5 43. Qxa6 Qf2 44. Qxb5 Nc5+ 45. Kc4 Nxe4 46. Qa5+ Kd6 47. Qb4+ Kc7 48. Qe7+ Kb8 49. Qd8+ Ka7 50. Qc7+ Ka6 51. Qc6+ Ka7 52. Qxe4 Qxb2 53. Qe3+ Kb7 54. Kb5 Qa3 55. Qb6+ Kc8 56. Qxe6+ Kb7 57. Qc6+ Ka7 58. Qb6+ Ka8 59. Bd5# 1-0


[Site "https://www.chess.com"]

[Event "Titled Tuesday Blitz August 10 2021"]
[White "Kezin, Roman"]
[Black "Bok, Benjamin"]
[WhiteFideId "24124621"]
[BlackFideId "1017063"]
[WhiteElo "2570"]
[BlackElo "2658"]
[Result "1-0"]
[Round "11"]
[TimeControl "180+1"]
[Date "2021.08.10"]
[WhiteClock "0:00:07"]
[BlackClock "0:00:01"]

1. d4 Nf6 2. c4 e6 3. g3 c5 4. d5 exd5 5. cxd5 d6 6. Nc3 g6 7. Nf3 Bg7 8. Bg2 O-O 9. O-O Re8 10. Nd2 a6 11. a4 Nbd7 12. h3 Rb8 13. Nc4 Ne5 14. Na3 Qc7 15. f4 Ned7 16. e4 c4 17. Be3 Nc5 18. e5 Nb3 19. Rb1 Bf5 20. exf6 Rxe3 21. fxg7 Bxb1 22. Naxb1 Rxg3 23. f5 Re8 24. Kh2 Rd3 25. Qg4 Qe7 26. Ne4 Qe5+ 27. Kh1 Rd4 28. fxg6 hxg6 29. Nbc3 Nc5 30. Nf6+ Qxf6 31. Rxf6 Rxg4 32. hxg4 Rd8 33. Rf4 Kxg7 34. Rxc4 Nd3 35. Rc7 b5 36. axb5 axb5 37. Nxb5 Kf6 38. b3 Nf2+ 39. Kg1 Nxg4 40. Nd4 Ra8 41. Rc1 Ra2 42. b4 Rb2 43. Rf1+ Kg7 44. Nc6 Ne3 45. Rf2 Rb1+ 46. Bf1 f5 47. Rf3 Ng4 48. Kg2 1-0


[Site "https://www.chess.com"]

[Event "Titled Tuesday Blitz August 10 2021"]
[White "Khusnutdinov, Rustam"]
[Black "Dang, Hoang Son"]
[WhiteFideId "13701703"]
[BlackFideId "12402435"]
[WhiteElo "2571"]
[BlackElo "2248"]
[Result "1-0"]
[Round "11"]
[TimeControl "180+1"]
[Date "2021.08.10"]
[WhiteClock "0:01:10"]
[BlackClock "0:00:05"]

1. d4 Nf6 2. c4 g6 3. Nc3 Bg7 4. e4 O-O 5. Nge2 d6 6. Ng3 e5 7. d5 Ne8 8. Bd3 f5 9. exf5 gxf5 10. Nh5 e4 11. Nxg7 exd3 12. Nh5 Qh4 13. Nf4 Na6 14. O-O Nc5 15. b3 a5 16. Nxd3 Ne4 17. Bb2 N8f6 18. f3 Ng5 19. Ne2 Bd7 20. Qe1 Qh6 21. Qg3 Kh8 22. Qf4 Qg6 23. Ng3 Kg8 24. Rae1 Rae8 25. Qd4 Kf7 26. Nf4 Qh6 27. h4 Rxe1 28. Rxe1 Nxf3+ 29. gxf3 Rg8 30. Qxf6+ Qxf6 31. Bxf6 Rxg3+ 32. Kf2 Rg8 33. Re7+ Kxf6 34. Rxd7 Ke5 35. Ke3 Re8 36. Rxc7 b6 37. Rxh7 a4 38. Rh6 axb3 39. Nd3# 1-0


[Site "https://www.chess.com"]

[Event "Titled Tuesday Blitz August 10 2021"]
[White "Kollars, Dmitrij"]
[Black "Maze, Sebastien"]
[WhiteFideId "12909572"]
[BlackFideId "613762"]
[WhiteElo "2576"]
[BlackElo "2462"]
[Result "1-0"]
[Round "11"]
[TimeControl "180+1"]
[Date "2021.08.10"]
[WhiteClock "0:00:20"]
[BlackClock "0:00:27"]

1. c4 Nf6 2. Nc3 g6 3. g3 Bg7 4. Bg2 O-O 5. Nf3 d6 6. O-O e5 7. d4 Nc6 8. dxe5 Nxe5 9. b3 Nxf3+ 10. Bxf3 Bh3 11. Re1 c6 12. Bb2 Re8 13. Qd2 Re6 14. Rad1 Qe7 15. Qf4 Nd7 16. Na4 Bxb2 17. Nxb2 Re8 18. Nd3 Ne5 19. Nxe5 dxe5 20. Qe3 e4 21. Bg2 Bxg2 22. Kxg2 Qa3 23. Rd2 a5 24. Red1 a4 25. h4 h5 26. Rd7 axb3 27. axb3 R6e7 28. R1d4 Qb4 29. Rd8 Qb6 30. Rxe8+ Rxe8 31. Rxe4 Qxe3 32. Rxe3 Rxe3 33. fxe3 Kg7 34. Kf3 Kf6 35. Kf4 Ke6 36. e4 f6 37. c5 Ke7 38. e5 1-0


[Site "https://www.chess.com"]

[Event "Titled Tuesday Blitz August 10 2021"]
[White "Maly, Alexey"]
[Black "Zhigalko, Sergei"]
[WhiteFideId "14103184"]
[BlackFideId "13502956"]
[WhiteElo "2250"]
[BlackElo "2662"]
[Result "1/2-1/2"]
[Round "11"]
[TimeControl "180+1"]
[Date "2021.08.10"]
[WhiteClock "0:00:04"]
[BlackClock "0:00:03"]

1. e3 e5 2. d4 e4 3. c4 Nf6 4. Nc3 Bb4 5. Bd2 Qe7 6. Nge2 c6 7. d5 O-O 8. a3 Bd6 9. Nd4 g6 10. g4 Be5 11. Be2 c5 12. Nc2 g5 13. h4 h6 14. hxg5 hxg5 15. Kf1 d6 16. Kg2 Qd7 17. Rh3 Nxg4 18. Nxe4 Re8 19. Qh1 Bxb2 20. Bc3 Bxc3 21. Nxc3 Kf8 22. Rh8+ Ke7 23. Rxe8+ Qxe8 24. Qh5 Nf6 25. Qxg5 Nd7 26. Rh1 Qg8 27. Qxg8 Nxg8 28. f4 Ndf6 29. e4 Bd7 30. Kg3 Re8 31. Bf3 Kf8 32. Ne3 Bc8 33. Ng4 Nxg4 34. Bxg4 Bxg4 35. Kxg4 Kg7 36. Kg5 Ne7 37. Re1 Ng6 38. Nb5 Rd8 39. Nxa7 Ra8 40. Nb5 Rd8 41. e5 dxe5 42. fxe5 Nxe5 43. Re4 Ng6 44. Kf5 Rd7 45. d6 Rd8 46. a4 Rd7 47. a5 Rd8 48. Re2 Nf8 49. Re7 Nd7 50. Nc7 Nf6 51. Ke5 Nd7+ 52. Kd5 Kf8 53. Re3 Rc8 54. Rh3 Kg7 55. Rg3+ Kf8 56. Re3 Rd8 57. Re7 Kg8 58. a6 bxa6 59. Nxa6 Nb6+ 60. Kxc5 Nxc4 61. Kxc4 Rxd6 62. Nc5 Rd1 63. Re3 Kg7 64. Nd3 Rd2 65. Kd4 Kf8 66. Kc3 Ra2 67. Kd4 Ra4+ 68. Ke5 Ra3 69. Ke4 Ra4+ 70. Kf3 Ra3 71. Ke2 Ra2+ 72. Kd1 Ra1+ 73. Nc1 Ra6 74. Ne2 Re6 75. Rf3 Ke7 76. Ke1 Rd6 77. Kf2 Rf6 78. Nf4 Kf8 79. Kg3 Ra6 80. Re3 Ra5 81. Kg4 Rb5 82. Rd3 Ra5 83. Rd6 Rb5 84. Rc6 Re5 85. Rc7 Ra5 86. Nh3 Ra4+ 87. Kh5 Ra5+ 88. Ng5 f6 89. Rf7+ Ke8 90. Rxf6 Ke7 91. Re6+ Kd7 92. Rf6 Ke7 93. Kg6 Ra1 94. Re6+ Kd7 95. Re3 Rd1 96. Kf6 Kd6 97. Nf7+ Kd7 98. Re7+ Kc6 99. Ne5+ Kc5 100. Rc7+ Kb4 101. Ke6 Kb5 102. Rc2 Kb4 103. Nf3 Kb3 104. Rc8 Rd3 105. Ne5 Rd1 106. Kf5 Kb4 107. Ke4 Kb5 108. Nd3 Rd2 109. Kd4 Rd1 110. Rc2 Kb6 111. Ke4 Kb5 112. Rc5+ Kb6 113. Rc3 Kb5 114. Kd5 Kb6 115. Rb3+ Kc7 116. Kc4 Kd6 117. Nb4 Rc1+ 118. Kd3 Rd1+ 119. Kc4 Rh1 120. Nd3 Rh4+ 121. Kc3 Kd5 122. Rb5+ Kc6 123. Rf5 Kd6 124. Nf4 Rg4 125. Kd4 Rh4 126. Rf6+ Kc7 127. Kc5 Rh1 128. Rf7+ Kd8 129. Nd5 Ke8 130. Rf4 Re1 131. Kd6 Rd1 132. Rf5 Rd2 133. Rf1 Rd3 134. Rf4 Rd1 135. Re4+ Kf7 136. Ke5 Kg7 137. Rf4 Kg6 138. Ne7+ Kg5 139. Re4 Ra1 140. Nd5 1/2-1/2


[Site "https://www.chess.com"]

[Event "Titled Tuesday Blitz August 10 2021"]
[White "Materia, Marco"]
[Black "Lashkin, Jegor"]
[WhiteFideId "45150451"]
[BlackFideId "13907808"]
[WhiteElo "2690"]
[BlackElo "2293"]
[Result "1/2-1/2"]
[Round "11"]
[TimeControl "180+1"]
[Date "2021.08.10"]
[WhiteClock "0:00:10"]
[BlackClock "0:00:05"]

1. d4 Nf6 2. c4 e6 3. Nf3 d5 4. Nc3 Bb4 5. Qa4+ Nc6 6. a3 Bxc3+ 7. bxc3 Ne4 8. Bf4 Nxc3 9. Qc2 Ne4 10. e3 Nd6 11. cxd5 exd5 12. Bd3 h6 13. O-O O-O 14. Rfc1 Be6 15. Rab1 Qc8 16. Nd2 Rd8 17. Qc3 Rb8 18. Nb3 Bf5 19. Bxd6 Bxd3 20. Bxc7 Bxb1 21. Bxb8 Bg6 22. Bg3 Qa8 23. Qc5 Bf5 24. h3 Be6 25. Qb5 Rc8 26. Nc5 Ne7 27. Rb1 Bf5 28. Rb2 b6 29. Na6 Qb7 30. Nc5 Qa8 31. Na6 Rc1+ 32. Kh2 Qc8 33. Nb4 Be6 34. Bd6 Nf5 35. Be5 Qd8 36. Nd3 Rc8 37. Qa4 Qd7 38. Qxd7 Bxd7 39. Nb4 Be6 40. Rc2 Rxc2 41. Nxc2 Ne7 42. Bd6 Nc6 43. f3 Bf5 44. Ne1 f6 45. Kg3 Kf7 46. Kf2 Ke6 47. Bf8 Kf7 48. Bd6 Na5 49. g4 Bb1 50. Ng2 Nc4 51. Bb4 a5 52. Bc3 Nxa3 53. Nf4 Ba2 54. Ke2 Nb5 55. Bb2 Bc4+ 56. Kd2 a4 57. Kc2 a3 58. Bc1 a2 59. Kb2 Nc3 60. Bd2 Nd1+ 61. Ka1 b5 62. e4 dxe4 63. fxe4 Nf2 64. e5 fxe5 65. dxe5 Ne4 66. Bb4 g5 67. e6+ Bxe6 68. Nxe6 Kxe6 69. Bf8 Kf7 70. Bxh6 Kg6 71. Bf8 Nf2 72. Kxa2 Nxh3 73. Kb3 Nf2 74. Be7 Nxg4 75. Bxg5 Ne5 76. Kb4 Kxg5 77. Kxb5 1/2-1/2


[Site "https://www.chess.com"]

[Event "Titled Tuesday Blitz August 10 2021"]
[White "Mortazavi, Ali"]
[Black "Mirzoev, Azer"]
[WhiteFideId "401323"]
[BlackFideId "13400304"]
[WhiteElo "2339"]
[BlackElo "2525"]
[Result "0-1"]
[Round "11"]
[TimeControl "180+1"]
[Date "2021.08.10"]
[WhiteClock "0:00:08"]
[BlackClock "0:00:48"]

1. e4 c6 2. d4 d5 3. Nc3 dxe4 4. f3 exf3 5. Nxf3 Bg4 6. Be2 Nf6 7. Be3 e6 8. Ne5 Bxe2 9. Qxe2 Nbd7 10. O-O Be7 11. Rad1 O-O 12. Bf4 Nd5 13. Bg3 N7f6 14. Kh1 Nxc3 15. bxc3 c5 16. Bh4 cxd4 17. Rxd4 Nd5 18. c4 Bxh4 19. cxd5 exd5 20. Qd3 Qe7 21. Rxd5 Rad8 22. Nd7 Rfe8 23. g3 Bg5 24. Rd1 Rc8 25. h4 Bf6 26. Rf1 Rc6 0-1


[Site "https://www.chess.com"]

[Event "Titled Tuesday Blitz August 10 2021"]
[White "Nakamura, Hikaru"]
[Black "Timofeev, Artyom"]
[WhiteFideId "2016192"]
[BlackFideId "4140419"]
[WhiteElo "2900"]
[BlackElo "2582"]
[Result "1-0"]
[Round "11"]
[TimeControl "180+1"]
[Date "2021.08.10"]
[WhiteClock "0:00:18"]
[BlackClock "0:00:05"]

1. e4 c5 2. Nf3 Nc6 3. c3 d5 4. exd5 Qxd5 5. Na3 Bf5 6. Nc4 Nf6 7. Ne3 Qd7 8. Nxf5 Qxf5 9. d4 O-O-O 10. Bd3 Qe6+ 11. Be3 Nd5 12. Qe2 cxd4 13. Nxd4 Nxd4 14. Bxd4 Qxe2+ 15. Bxe2 a6 16. O-O-O e6 17. Bf3 Rg8 18. c4 Nb4 19. a3 Nc6 20. Be3 Be7 21. b4 Ne5 22. Be2 Rxd1+ 23. Rxd1 Rd8 24. Rxd8+ Kxd8 25. Kc2 g5 26. c5 f5 27. h3 Kd7 28. Bd4 Bf6 29. Kc3 Kc7 30. a4 h6 31. Bc4 Kd7 32. b5 axb5 33. axb5 Ke7 34. Be2 Kd7 35. g3 f4 36. Bd1 fxg3 37. fxg3 Kc7 38. Bb3 Kd7 39. Bc2 Kc7 40. b6+ Kd7 41. Be4 Kc8 42. Kb3 Nd7 43. Be3 Ne5 44. Kb4 Nd7 45. Kb5 Be5 46. Bf2 Nf6 47. Bf3 Bc3 48. c6 bxc6+ 49. Bxc6 Kb8 50. Bc5 Be5 51. g4 h5 52. Bf3 hxg4 53. hxg4 Nd7 54. Bf2 Bf4 55. Bd4 Ne5 56. Be2 Nf7 57. Kc6 Nd8+ 58. Kd7 Nb7 59. Kxe6 Na5 60. Bf3 Nc4 61. Kd5 Ne3+ 62. Kc6 Nc4 63. Be2 Na5+ 64. Kb5 Nb7 65. Bf3 Nd6+ 66. Ka6 Nc4 67. Bc5 Be3 68. Kb5 Bxc5 69. Kxc5 Ne5 70. Be2 Kb7 71. Kb5 Kb8 72. Ka6 Nc6 73. Bf3 Nd4 74. Be4 Ne6 75. Kb5 Nd4+ 76. Kc5 Ne2 77. Kd6 Nc3 78. Ke5 Na4 79. b7 Nc5 80. Bf3 Kc7 81. Kf5 Nd7 82. Kxg5 Ne5 83. Bg2 Kb8 84. Kf5 Nxg4 85. Kxg4 Kc7 86. Kf5 Kb8 87. Ke5 Kc7 88. Kd4 Kb8 89. Kc5 Kc7 90. Kb5 Kb8 91. Ka6 Kc7 92. Ka7 Kd6 93. b8=Q+ 1-0


[Site "https://www.chess.com"]

[Event "Titled Tuesday Blitz August 10 2021"]
[White "Nesterov, Arseniy"]
[Black "Chirila, Ioan-Cristian"]
[WhiteFideId "24198455"]
[BlackFideId "1211668"]
[WhiteElo "2477"]
[BlackElo "2445"]
[Result "1-0"]
[Round "11"]
[TimeControl "180+1"]
[Date "2021.08.10"]
[WhiteClock "0:02:27"]
[BlackClock "0:00:02"]

1. d4 Nf6 2. c4 g6 3. Nc3 d5 4. cxd5 Nxd5 5. e4 Nxc3 6. bxc3 Bg7 7. Qa4+ Nd7 8. Nf3 O-O 9. Be2 c5 10. O-O cxd4 11. cxd4 Nb6 12. Qa3 Bg4 13. Rd1 Bxf3 14. gxf3 Bxd4 15. Bg5 Bxa1 16. Rxd8 Rfxd8 17. Qxe7 Rd7 18. Qa3 Bd4 19. Bb5 Rc7 20. Qd6 Rc5 21. h4 Bxf2+ 22. Kxf2 Rxb5 23. Qd4 Rxg5 24. hxg5 Rc8 25. a4 Rc6 26. a5 Nc8 27. Qd7 Nd6 28. e5 Nc4 29. a6 Rxa6 30. Qc8+ Kg7 31. Qxc4 Re6 32. f4 1-0


[Site "https://www.chess.com"]

[Event "Titled Tuesday Blitz August 10 2021"]
[White "Petriashvili, Nikoloz"]
[Black "Andreikin, Dmitry"]
[WhiteFideId "13611216"]
[BlackFideId "4158814"]
[WhiteElo "2430"]
[BlackElo "2782"]
[Result "0-1"]
[Round "11"]
[TimeControl "180+1"]
[Date "2021.08.10"]
[WhiteClock "0:00:05"]
[BlackClock "0:00:09"]

1. e4 c5 2. Nf3 e6 3. d4 cxd4 4. Nxd4 Nc6 5. Nc3 a6 6. g3 Qc7 7. Bg2 Nf6 8. O-O Nxd4 9. Qxd4 Bc5 10. Bf4 d6 11. Qd2 h6 12. Rad1 e5 13. Be3 Bxe3 14. Qxe3 Be6 15. h3 O-O 16. f4 Rfd8 17. a3 Rac8 18. Rd2 Qc5 19. Kf2 Kf8 20. Rfd1 Ke7 21. f5 Qxe3+ 22. Kxe3 Bc4 23. g4 Rc6 24. Bf3 g5 25. Be2 b5 26. Bf3 a5 27. Nb1 Ba2 28. Nc3 Bc4 29. Nb1 b4 30. axb4 axb4 31. c3 Rb8 32. cxb4 Rxb4 33. Nc3 Rcb6 34. Rb1 Rb3 35. Rc2 R6b4 36. Bd1 Ba6 37. Bf3 Rd4 38. Rd2 Rdb4 39. Ra1 Bb7 40. Ra2 Nd7 41. Kd3 Nc5+ 42. Kc2 Rd4 43. Bd1 Kf6 44. Ra5 Rxd2+ 45. Kxd2 Rxb2+ 46. Ke3 Rh2 47. Rb5 Rxh3+ 48. Kd2 Nxe4+ 49. Nxe4+ Bxe4 50. Rb6 Rd3+ 51. Ke2 Rd4 52. Bb3 h5 53. gxh5 Bxf5 54. h6 Kg6 55. Rb7 Kxh6 56. Rxf7 Bg6 57. Rf6 Kg7 58. Re6 Bf5 59. Re7+ Kf6 60. Rf7+ Kg6 61. Rf8 g4 62. Rg8+ Kf6 63. Ke3 Rd3+ 0-1


[Site "https://www.chess.com"]

[Event "Titled Tuesday Blitz August 10 2021"]
[White "Rastbod, Ali"]
[Black "Yakubboev, Nodirbek"]
[WhiteFideId "12567477"]
[BlackFideId "14203987"]
[WhiteElo "2226"]
[BlackElo "2519"]
[Result "0-1"]
[Round "11"]
[TimeControl "180+1"]
[Date "2021.08.10"]
[WhiteClock "0:00:03"]
[BlackClock "0:00:09"]

1. e4 e5 2. Nf3 Nc6 3. Bc4 Nf6 4. d3 Bc5 5. O-O d6 6. c3 a6 7. Bb3 Ba7 8. Re1 h6 9. Nbd2 O-O 10. Nf1 Ne7 11. Ng3 Ng6 12. d4 Bg4 13. Be3 Nh4 14. Bc4 exd4 15. cxd4 d5 16. exd5 Nxd5 17. Be2 Nxe3 18. fxe3 Ng6 19. Qd3 c5 20. d5 c4 21. Qxc4 Bxe3+ 22. Kh1 Qd7 23. Rf1 Rac8 24. Qb3 Rfe8 25. Rad1 Nf4 26. Bd3 Ba7 27. Ne4 Nxd3 28. Qxd3 Bf5 29. Nfd2 Bg6 30. Rfe1 Re5 31. Nc4 Rh5 32. d6 b5 33. Ncd2 Re8 34. Qf3 Rhe5 35. Re2 Bh5 36. Qd3 Bxe2 37. Qxe2 f5 38. Qd3 fxe4 39. Qb3+ Kh8 40. Nf1 e3 41. Ng3 e2 42. Re1 Bf2 0-1


[Site "https://www.chess.com"]

[Event "Titled Tuesday Blitz August 10 2021"]
[White "Remizov, Yaroslav"]
[Black "Sychev, Klementy"]
[WhiteFideId "34134015"]
[BlackFideId "4114060"]
[WhiteElo "2339"]
[BlackElo "2615"]
[Result "0-1"]
[Round "11"]
[TimeControl "180+1"]
[Date "2021.08.10"]
[WhiteClock "0:00:58"]
[BlackClock "0:01:57"]

1. e4 c5 2. Nf3 d6 3. d4 cxd4 4. Nxd4 Nf6 5. Nc3 g6 6. g3 Bg4 7. Bb5+ Nbd7 8. f3 Bh3 9. Be3 Bg7 10. Qd2 O-O 11. O-O-O Ne5 12. Kb1 Rc8 13. Rhe1 a6 14. Be2 b5 15. f4 b4 16. Nd5 Nxe4 17. Qxb4 Rb8 18. Qa3 Be6 0-1


[Site "https://www.chess.com"]

[Event "Titled Tuesday Blitz August 10 2021"]
[White "Rodriguez Hernandez, Luis Daniel"]
[Black "Makhnev, Denis"]
[WhiteFideId "3506770"]
[BlackFideId "13707647"]
[WhiteElo "2133"]
[BlackElo "2537"]
[Result "1-0"]
[Round "11"]
[TimeControl "180+1"]
[Date "2021.08.10"]
[WhiteClock "0:00:04"]
[BlackClock "0:00:07"]

1. e4 c6 2. d4 d5 3. Nc3 dxe4 4. Nxe4 Nf6 5. Nxf6+ exf6 6. c3 Bd6 7. Bd3 Na6 8. Qc2 Nc7 9. Ne2 h5 10. Bf4 Nd5 11. Bxd6 Qxd6 12. O-O-O Be6 13. Rde1 Kf8 14. Bf5 Re8 15. Bxe6 Qxe6 16. Qd2 Nb6 17. b3 Qd6 18. Nf4 Rxe1+ 19. Rxe1 g6 20. c4 Qd7 21. Rd1 Kg7 22. Qa5 h4 23. g3 hxg3 24. hxg3 Nc8 25. d5 Rd8 26. Qc3 Qd6 27. Rd3 c5 28. Re3 Rh8 29. Rf3 Qe5 30. Ne2 Rh1+ 31. Kd2 Qg5+ 32. Kc2 Nd6 33. Qe3 Qh5 34. Nf4 Qg4 35. Nd3 Nf5 36. Rxf5 Qxf5 37. Qxc5 Ra1 38. Kc3 Rxa2 39. d6 Qd7 40. Qc7 Qg4 41. d7 Qd1 42. d8=Q Qa1+ 43. Kb4 a5+ 44. Kb5 Qc3 45. Qdd6 Qxb3+ 46. Kc5 Rc2 47. Qd4 Qa3+ 48. Kd5 Qa4 49. Qd6 Re2 50. Q6xf6+ Kf8 51. Qd8+ Re8 52. Qh8# 1-0


[Site "https://www.chess.com"]